 Seeded DCSS version 0.29.1-13-g9f3cf754e1 (webtiles) character file.

Game seed: 18334199546629406935 (custom seed)

1426 mathmaestro the Scholar of Death (level 8, 62/62 HPs)
             Began as a Demonspawn Necromancer on Jan 20, 2023.
             Was a Follower of Kikubaaqudgha.
             Quit the game on level 6 of the Dungeon on Jan 22, 2023.
             The game lasted 00:14:57 (6576 turns).

mathmaestro the Scholar of Death (DsNe)             Turns: 6576, Time: 00:14:57

Health: 62/62      AC:  5    Str: 15    XL:     8   Next: 44%
Magic:  15/15      EV: 13    Int: 18    God:    Kikubaaqudgha [*.....]
Gold:   374        SH:  0    Dex: 14    Spells: 6/16 levels left

rFire   . . .      SeeInvis .   m - +4 flail (protect)
rCold   . . .      Faith    .   (no shield)
rNeg    . . .      Spirit   .   a - +0 robe
rPois   .          Reflect  .   (helmet restricted)
rElec   .          Harm     .   y - +0 cloak
rCorr   .          Rampage  .   l - +0 pair of gloves
Will    .....                   (no boots)
Stlth   +++.......              (no amulet)
HPRegen 0.20/turn               g - +6 ring of strength
MPRegen 0.28/turn               o - ring of flight

@: flying
A: antennae 1, rugged brown scales 1, powered by death 1, magic regeneration
a: Renounce Religion, Unearth Wretches


You were on level 6 of the Dungeon.
You worshipped Kikubaaqudgha.
Kikubaaqudgha was aware of your devotion.
You visited 1 branch of the dungeon, and saw 6 of its levels.
You also visited: Sewer.

You collected 374 gold pieces.

Inventory:

Hand Weapons
 m - a +4 flail of protection (weapon)
Missiles
 z - 4 javelins
Armour
 a - a +0 robe (worn)
 l - a +0 pair of gloves (worn)
 y - a +0 cloak (worn)
Jewellery
 g - a +6 ring of strength (left hand)
 o - a ring of flight (right hand)
Scrolls
 f - 3 scrolls of immolation
 j - 4 scrolls of magic mapping
 k - 4 scrolls of teleportation {unknown}
 n - a scroll of noise {unknown}
 p - 4 scrolls of fog
 q - a scroll of fear {unknown}
 w - a scroll of amnesia {unknown}
 x - a scroll of enchant armour {unknown}
 A - a scroll of enchant weapon {unknown}
 D - 2 scrolls of identify
Potions
 b - a potion of magic
 c - 4 potions of curing {unknown}
 d - 3 potions of attraction {unknown}
 e - 2 potions of heal wounds {unknown}
 h - 2 potions of haste
 i - 4 potions of might {unknown}
 r - a potion of flight {unknown}
 s - 3 potions of degeneration {unknown}
 t - a potion of cancellation {unknown}
 u - a potion of mutation {unknown}
 v - a potion of invisibility {unknown}
 B - 2 potions of lignification {unknown}
 C - a potion of berserk rage {unknown}


   Skills:
 + Level 4.4 Fighting
 + Level 4.4 Dodging
 + Level 4.8 Stealth
 + Level 4.6 Spellcasting
 + Level 6.8 Necromancy


You had 6 spell levels left.
You knew the following spells:

 Your Spells              Type           Power      Damage    Failure   Level
a - Necrotise             Necr           100%       1d9       1%          1
b - Vampiric Draining     Necr           28%        2d8       2%          3
c - Animate Dead          Necr           28%        N/A       9%          4
d - Sublimation of Blood  Necr           28%        N/A       1%          2

Your spell library contained the following spells:

 Spells                   Type           Power      Damage    Failure   Level
 Slow                     Hex            16%        N/A       14%         1
 Blink                    Tloc           8%         N/A       22%         2
 Agony                    Necr           28%        N/A       22%         5
 Confusing Touch          Hex            4%         N/A       38%         3
 Lesser Beckoning         Tloc           4%         N/A       38%         3
 Petrify                  Tmut/Erth      4%         N/A       80%         4
 Manifold Assault         Tloc           4%         N/A       98%         5
 Metabolic Englaciation   Hex/Ice        2%         N/A       98%         5
 Statue Form              Tmut/Erth      2%         N/A       100%        6


Dungeon Overview and Level Annotations

Branches:
Dungeon (6/15)              Sewer (visited)
 Temple: D:4-7

Altars:
Kikubaaqudgha

Annotations:
D:4 1 runed translucent door, Tang's ghost, amateur OpCj


Innate Abilities, Weirdness & Mutations

You have a pair of small antennae on your head.
You are partially covered in rugged brown scales. (AC +1, +3% HP)
You regenerate a little health from kills.
You regenerate magic rapidly.


Message History

The black bear barely misses you. x2
The black bear claws you but does no damage.
The black bear closely misses you.
Casting: Necrotise (safe; 1% risk of failure)
Confirm with . or Enter, or press ? or * to list all spells.
Aiming: Vampiric Draining (dangerous; 2% risk of failure)
Press: ? - help, Shift-Dir - straight line, f/p - black bear
Aim: a black bear (severely wounded, berserk)
You draw life force from the black bear!
You feel life coursing into your body.
The black bear bites you but does no damage.
The black bear claws you but does no damage.
The black bear barely misses you.
Casting: Vampiric Draining (dangerous; 2% risk of failure)
Confirm with . or Enter, or press ? or * to list all spells.
Aiming: Vampiric Draining (dangerous; 2% risk of failure)
Press: ? - help, Shift-Dir - straight line, f/p - black bear
Aim: a black bear (almost dead, berserk)
You draw life force from the black bear!
You kill the black bear!
Kikubaaqudgha accepts your kill.
You feel life coursing into your body.
You start resting.
Magic restored.
You start resting.
HP restored.
Found a pair of boots.
Memorise Sublimation of Blood, consuming 2 spell levels and leaving 6?
You start memorising the spell.
You continue memorising. x2
You finish memorising.
Spell assigned to 'd'.
Okay, then.
Unknown command.
Okay, then.
Unknown command.
Are you sure you want to abandon this character and quit the game? (Confirm with "yes".)
Okay, then.
Casting: Vampiric Draining (dangerous; 2% risk of failure)
Confirm with . or Enter, or press ? or * to list all spells.
Okay, then.
Are you sure you want to abandon this character and quit the game? (Confirm with "yes".)

.###..# .... .....##
.... ..... # . .....
.....## .##....[
.#.#... ........
###... ###.......
..###...
##.....♣♣♣♣........†
#.^@.#....♣.......#.
#....##.P...........
##......P♣P.........
###..............##
###................
#..................
##.................
####.........#....
###..........##...


There were no monsters in sight!

Vanquished Creatures
  Sigmund (D:6)
  A wyvern (D:6)
  An ice beast (D:6)
  An ogre (D:4)
  A black bear (D:6)
  A phantom (D:5)
  4 bullfrogs
  A jelly (D:4)
  2 hounds (D:5)
  An orc priest (D:4)
  An iguana (D:6)
  3 orc wizards
  8 gnolls
  A river rat (Sewer)
  7 adders
  A shadow imp (D:6)
  2 white imps (D:6)
  3 ufetubi
  A worm (D:5)
  2 dart slugs
  16 orcs
  9 endoplasms
  2 giant cockroaches
  2 goblins
  2 hobgoblins
  3 quokkas
  12 ball pythons
  4 bats
  4 kobolds
  24 rats
121 creatures vanquished.

Vanquished Creatures (collateral kills)
  An adder (Sewer)
  An ufetubus (D:6)
  A worm (D:3)
  A hobgoblin (D:1)
  8 ball pythons
  2 frilled lizards (Sewer)
  4 rats
18 creatures vanquished.

Vanquished Creatures (others)
  An adder zombie (Sewer)
  A ball python zombie (Sewer)
  2 demonic plants (D:6)
4 creatures vanquished.

Grand Total: 143 creatures vanquished

Notes
Turn   | Place    | Note
-------+----------+-------------------------------------------
     0 | D:1      | mathmaestro the Demonspawn Necromancer began the quest for
                  | the Orb.
     0 | D:1      | Reached XP level 1. HP: 13/13 MP: 3/3
   277 | D:1      | Gained mutation: You are partially covered in rugged brown
                  | scales. (AC +1, +3% HP) [demonic ancestry]
   277 | D:1      | Reached XP level 2. HP: 14/20 MP: 3/5
   945 | D:2      | Reached skill level 1 in Fighting
   947 | D:2      | Reached XP level 3. HP: 26/26 MP: 2/6
  1413 | D:2      | Gained mutation: You have a pair of small antennae on your
                  | head. [demonic ancestry]
  1413 | D:2      | Reached XP level 4. HP: 32/32 MP: 4/7
  1497 | D:2      | Learned a level 3 spell: Vampiric Draining
  1714 | D:3      | Found a glowing drain.
  1767 | Sewer    | Entered a sewer
  1786 | Sewer    | Learned a level 4 spell: Animate Dead
  2087 | Sewer    | Reached skill level 5 in Necromancy
  2101 | Sewer    | Reached XP level 5. HP: 22/39 MP: 0/9
  2257 | Sewer    | Gained mutation: You regenerate magic rapidly. [demonic
                  | ancestry]
  2257 | Sewer    | Reached XP level 6. HP: 36/47 MP: 3/10
  2339 | D:3      | Found a faded altar of an unknown god.
  3528 | D:4      | Found a runed translucent door.
  3583 | D:4      | Noticed Tang's ghost (amateur OpCj)
  3606 | D:4      | Found an ancient bone altar of Kikubaaqudgha.
  3617 | D:4      | Became a worshipper of Kikubaaqudgha
  4236 | D:5      | Entered Level 5 of the Dungeon
  4423 | D:5      | Gained mutation: You regenerate a little health from kills.
                  | [demonic ancestry]
  4423 | D:5      | Reached XP level 7. HP: 53/53 MP: 12/12
  4508 | D:5      | Noticed a troll
  4633 | D:5      | HP: 2/53 [troll (10)]
  5516 | D:5      | Reached skill level 6 in Necromancy
  5918 | D:6      | Reached * piety under Kikubaaqudgha
  5918 | D:6      | Received a gift from Kikubaaqudgha
  5989 | D:6      | Noticed Sigmund
  6010 | D:6      | Reached XP level 8. HP: 53/61 MP: 10/14
  6137 | D:6      | Killed Sigmund
  6576 | D:6      | Learned a level 2 spell: Sublimation of Blood
  6576 | D:6      | Quit the game

Illustrated notes

Levels and vault maps discovered:
D:1:      shiori_shiawase, layout_loops_ring, st_stairs_7
D:2:      layout_basic, minmay_large_rounded_square
D:3:      layout_basic, portal_sewer_entry_a, hellmonk_ecumenical_altar_blasted
D:4:      layout_loops_corners, kiku_gazebo_garden_becter, ebering_ghost_sewer_d
D:5:      layout_basic
D:6:      layout_cave_pools, serial_demonic, serial_demonic_b, serial_demonic_c,
          serial_demonic_d, serial_demonic_g, uniq_sigmund

Skill      XL: |  1  2  3  4  5  6  7  8 |
---------------+-------------------------+-----
Stealth        | 2 3 4 |  4.8
Dodging        | 2 3 4 |  4.4
Fighting       | 1 2 3 4 |  4.4
Necromancy     | 5 6 |  6.8
Spellcasting   | 3 4 |  4.6

Action                   |  1- 3 |  4- 6 |  7- 9 || total
-------------------------+-------+-------+-------++-------
Melee: Whip              |    15 |       |       ||    15
       Flail             |     4 |    86 |    82 ||   172
       Punch             |       |     1 |     4 ||     5
 Cast: Necrotise         |    50 |    41 |    49 ||   140
       Animate Dead      |       |     1 |       ||     1
       Vampiric Draining |       |     3 |    15 ||    18
  Use: Scroll            |       |     6 |     1 ||     7
 Stab: Distracted        |       |     2 |       ||     2
       Sleeping          |       |     7 |       ||     7
Armor: Robe              |     6 |    39 |    62 ||   107
Dodge: Dodged            |    29 |    91 |   139 ||   259
